 Dungeon Crawl Stone Soup version 0.29-a0-222-g5b244fca1f (webtiles) character file.

Game seed: 12969019958033485078

414 timneilson the Covered (level 6, -3/38 HPs)
             Began as a Gargoyle Fighter on Feb 27, 2022.
             Slain by an ogre
             ... wielding a +0 giant spiked club
              (15 damage)
             ... on level 3 of the Dungeon.
             The game lasted 00:04:44 (3632 turns).

timneilson the Covered (Gargoyle Fighter)           Turns: 3632, Time: 00:04:44

Health: -3/38      AC: 11    Str: 21    XL:     6   Next: 91%
Magic:  6/6        EV:  9    Int:  9    God:
Gold:   154        SH:  5    Dex:  9    Spells: 5/5 levels left

rFire   . . .      SeeInvis .   a - +0 long sword
rCold   . . .      Faith    .   c - +1 buckler
rNeg    + . .      Spirit   .   b - +0 scale mail
rPois   ∞          Reflect  .   (no helmet)
rElec   +          Harm     .   (no cloak)
rCorr   .          Rampage  .   (no gloves)
Will    .....                   (no boots)
Stlth   ..........              (no amulet)
HPRegen 0.12/turn               (no ring)
MPRegen 0.10/turn               (no ring)

@: no status effects
A: sickness immunity, AC +4, negative energy resistance 1, electricity
resistance, torment resistance 1, petrification resistance
a: no special abilities


You were on level 3 of the Dungeon.
You visited 1 branch of the dungeon, and saw 3 of its levels.

You collected 154 gold pieces.

Inventory:

Hand Weapons
 a - a +0 long sword (weapon)
Armour
 b - a +0 scale mail (worn)
 c - a +1 buckler (worn)
Wands
 d - a wand of digging (5)
Scrolls
 j - a scroll of silence
Potions
 f - a potion of ambrosia
 i - a potion of lignification {unknown}
 k - a potion of mutation {unknown}


   Skills:
 + Level 4.1 Fighting
 * Level 3.4 Long Blades
 * Level 5.1 Armour
 + Level 1.5 Dodging
 * Level 4.9 Shields
 + Level 0.4 Evocations


You had 5 spell levels left.
You didn't know any spells.
Your spell library contained the following spells:

 Spells                   Type           Power      Damage    Failure   Level
 Static Discharge         Conj/Air       0%         N/A       90%         2
 Conjure Flame            Conj/Fire      0%         6-21      99%         3
 Ignite Poison            Fire/Tmut/Pois 0%         N/A       99%         3
 Dispel Undead            Necr           0%         3d6       100%        4
 Sticky Flame             Conj/Fire      0%         2d3       100%        4


Dungeon Overview and Level Annotations

Branches:
Dungeon (3/15)

Altars:
Gozag
Xom


Innate Abilities, Weirdness & Mutations

You are immune to sickness and miasma.
Your stone body is resilient. (AC +4)
You are immune to poison.
You resist negative energy. (rN+)
You are resistant to electric shocks. (rElec)
You are resistant to unholy torment.
You are immune to petrification.


Message History

You bump into the rock wall.
Something hits you but does no damage.
You bump into the rock wall.
You feel less confused. Something hits you but does no damage.
You miss something.
An orc wizard appears from thin air!
Reactivating autopickup.
The orc wizard hits you but does no damage.
You hit the orc wizard.
The orc wizard is heavily wounded.
The orc wizard hits you but does no damage.
You hit the orc wizard.
The orc wizard is heavily wounded.
The orc wizard casts a spell at you. The puff of flame hits you.
The orc wizard hits you but does no damage.
You slash the orc wizard!
You kill the orc wizard!
The goblin hits you but does no damage.
You closely miss the goblin. The goblin barely misses you.
Unknown command.
You feel better. The goblin hits you but does no damage.
You slash the goblin!
You kill the goblin!
The ogre closely misses you.
You barely miss the ogre.
The ogre hits you with a +0 giant spiked club!!
Ouch! That really hurt!
* * * LOW HITPOINT WARNING * * *
You barely miss the ogre. The ogre closely misses you.
You feel better.
You barely miss the ogre.
The ogre hits you with a +0 giant spiked club!
* * * LOW HITPOINT WARNING * * *
You slash the ogre!
The ogre is moderately wounded.
The ogre barely misses you.
You hit the ogre.
The ogre is heavily wounded.
The ogre hits you with a +0 giant spiked club!
You die...

#########
##
#.#...#.#@#
.#####
#$.l..#O##
.....#
#{.#.#..#o#
.######o
#.##..##
######. gb
##..#
.....#.#


.or ##.# ######..##.. ##..# # #..##.##..## # #..###.†#.# You could see an ogre.

Vanquished Creatures
  Grinder (D:3)
  A howler monkey (D:3)
  An orc wizard (D:3)
  3 gnolls (D:3)
  3 adders
  2 worms
  2 dart slugs (D:3)
  3 orcs (D:3)
  3 ball pythons
  3 bats
  7 endoplasms
  2 giant cockroaches
  8 goblins
  4 hobgoblins
  8 jackals
  4 quokkas
  5 frilled lizards
  3 kobolds (D:1)
  6 rats
69 creatures vanquished.

Notes
Turn   | Place    | Note
-------+----------+-------------------------------------------
     0 | D:1      | timneilson the Gargoyle Fighter began the quest for the
                  | Orb.
     0 | D:1      | Reached XP level 1. HP: 14/14 MP: 1/1
   217 | D:1      | Reached XP level 2. HP: 17/19 MP: 2/2
   945 | D:2      | Found a shimmering altar of Xom.
   979 | D:2      | Reached XP level 3. HP: 23/23 MP: 3/3
  1529 | D:2      | Reached XP level 4. HP: 22/28 MP: 4/4
  1648 | D:2      | Found a faded altar of an unknown god.
  1725 | D:2      | Reached skill level 4 in Armour
  2130 | D:3      | Noticed Grinder
  2141 | D:3      | Paralysed by something for 5 turns
  2162 | D:3      | Paralysed by something for 2 turns
  2174 | D:3      | Killed Grinder
  2175 | D:3      | Reached skill level 1 in Dodging
  2175 | D:3      | Reached XP level 5. HP: 4/33 MP: 5/5
  2175 | D:3      | Reached XP level 6. HP: 5/38 MP: 6/6
  2491 | D:3      | Found an opulent altar of Gozag.
  3256 | D:3      | Reached skill level 5 in Armour
  3632 | D:3      | Slain by an ogre

Illustrated notes

Levels and vault maps discovered:
D:1:      wheals_arrival_linesprint, layout_basic, kennysheep_another_room,
          chequers_serial_rivers_small_b, minmay_misc_feat_tiny
D:2:      layout_basic, hellmonk_ecumenical_altar_leap_of_faith, basic_altar,
          minmay_pentomino_z4
D:3:      minmay_diamond_boxcup, layout_loops_ring,
          mainiacjoe_overflow_alcove_4, uniq_grinder

Skill      XL: |  1  2  3  4  5  6 |
---------------+-------------------+-----
Long Blades    | 2 3 |  3.4
Armour         | 4 5 |  5.1
Fighting       | 4 |  4.1
Dodging        | 1 |  1.5
Shields        | 4 |  4.9
Evocations     | |  0.4

Action                   |  1- 3 |  4- 6 || total
-------------------------+-------+-------++-------
Melee: Long sword        |   133 |   169 ||   302
  Use: Scroll            |     5 |     1 ||     6
       Potion            |       |     4 ||     4
Armor: Scale mail        |    71 |    64 ||   135
Dodge: Dodged            |    70 |    47 ||   117
Block: Buckler           |    42 |    37 ||    79

Table legend: (Time is in decaauts)
 A = Elapsed time spent in this place.
 B = Non-inter-level travel time spent in this place.
 C = Inter-level travel time spent in this place.
 D = Time resting spent in this place.
 E = Time spent auto-exploring this place.
 F = Levels seen in this place.
 G = Mean time per level.
                   A        B        C        D        E       F      G
               +--------+--------+--------+--------+--------+-----+--------+
         Total |   3726 |   3681 |     45 |    418 |   2516 |   3 | 1242.0 |
       Dungeon |   3726 |   3681 |     45 |    418 |   2516 |   3 | 1242.0 |
               +--------+--------+--------+--------+--------+-----+--------+

Top non-repeatable levels by time:
     D:3: 1474 daAuts
     D:1: 1137 daAuts
     D:2: 1114 daAuts
